 Dungeon Sprint DCSS version 0.27.0-1-g7a089689b8 (webtiles) character file.

Game seed: 15810811652740841058

4802 styxcanada the Imperceptible (level 10, -1/53 HPs)
             Began as a Spriggan Brigand on Aug 16, 2021.
             Was an Initiate of Gozag.
             Slain by a spriggan rider (5 damage)
             ... in the Dungeon (Sprint IV: "Fedhas' Mad Dash").
             The game lasted 00:09:37 (1225 turns).

styxcanada the Imperceptible (Spriggan Brigand)     Turns: 1225, Time: 00:09:37

Health: -1/53      AC:  3    Str: 11    XL:     10   Next: 24%
Magic:  15/21      EV: 28    Int: 14    God:    Gozag
Gold:   1156       SH:  7    Dex: 19    Spells: 18/23 levels left

rFire    . . .     SeeInvis +   a - +2 dagger
rCold    . . .     Faith    .   d - +0 buckler
rNeg     . . .     Spirit   .   b - +0 robe
rPois    +         Reflect  .   (helmet restricted)
rElec    .         Harm     .   c - +0 cloak
rCorr    .         Rampage  .   (gloves unavailable)
Will     +....     NoTele   +   (boots unavailable)
Stlth    ++++++++..             j - amulet of invisibility {+Inv}
HPRegen  0.17/turn              m - ring of poison resistance
MPRegen  0.17/turn              o - ring of Ujol {EV+4 Str+4}

@: confusing by touch, very slightly contaminated, invisible, very quick
A: very small, no large weapons, unfitting armour, see invisible, speed 3
a: Renounce Religion, Evoke Invisibility, Potion Petition, Call Merchant, Bribe
Branch


You were in the Dungeon.
You worshipped Gozag.
Gozag was most pleased with you.
You visited 1 branch You collected 1967 gold pieces.
You spent 811 gold pieces at shops.

Inventory:

Hand Weapons
 a - a +2 dagger (weapon)
 n - the +1 flail "Xyesme" {protect, Str+4 Dex-2}
   (You bought it in a shop in the Dungeon)

   It grants its wielder temporary protection when it strikes (+7 to AC).
   Str:       It affects your strength (+4).
   Dex:       It affects your dexterity (-2).
 q - a +0 hunting sling
Missiles
 e - a curare-tipped dart (quivered)
 l - 6 poisoned darts
Armour
 b - a +0 robe (worn)
 c - a +0 cloak (worn)
 d - a +0 buckler (worn)
Jewellery
 j - the amulet of invisibility (around neck) {+Inv}
   (You found it in the Dungeon)

   [amulet of nothing]

   +Inv:      It lets you turn invisible.
 m - a ring of poison resistance (left hand)
 o - the ring of Ujol (right hand) {EV+4 Str+4}
   (You bought it in a shop in the Dungeon)

   [ring of evasion]

   EV:        It affects your evasion (+4).
   Str:       It affects your strength (+4).
 p - a ring of fire
Scrolls
 k - a scroll of blinking
Potions
 f - 2 potions of curing
 g - a potion of heal wounds
 h - a potion of haste
 i - 3 potions of magic


   Skills:
 * Level 6.3 Fighting
 + Level 4.2 Short Blades
 + Level 6.4 Throwing
 * Level 10.0 Dodging
 * Level 22.5 Stealth
 * Level 4.5 Shields
 * Level 7.2 Spellcasting
 * Level 7.2 Hexes
 * Level 11.0 Evocations


You had 18 spell levels left.
You knew the following spells:

 Your Spells              Type           Power      Damage    Failure   Level
a - Slow                  Hex            25%        N/A       1%          2
b - Confusing Touch       Hex            25%        N/A       2%          3

Your spell library contained the following spells:

 Spells                   Type           Power      Damage    Failure   Level
 Beastly Appendage        Tmut           10%        N/A       17%         1
 Wereblood                Tmut           5%         N/A       26%         2
 Spider Form              Tmut/Pois      2%         N/A       45%         3
 Vampiric Draining        Necr           2%         2d6       45%         3


Dungeon Overview and Level Annotations

Branches:
Dungeon (1/1)

Altars:
Cheibriados
Dithmenos
Elyvilon
Gozag
Hepliaklqana
Kikubaaqudgha
Makhleb
Nemelex Xobeh
Okawaru
Qazlal
Ru
Sif Muna
Trog
Uskayaw
Vehumet
Wu Jian
Xom
Yredelemnul
Zin
The Shining One
Beogh
Jiyva
Lugonu

Shops:
D =[(([


Innate Abilities, Weirdness & Mutations

You are very small and have problems with some larger weapons.
You are too small for most types of armour.
You have supernaturally acute eyesight. (SInv)
You cover ground extremely quickly. (Speed+++)


Message History

There is an open door here.
You start waiting.
You flicker back into view.
You start waiting.
Your magical contamination has completely faded away.
You fail to use your ability.
You fade into invisibility!
You are very lightly contaminated with residual magic.
You open the door. 2 spriggans and a spriggan rider come into view.
The spriggan rider is wielding a +0 spear of pain.
Unknown command.
Found Enifiar's Armour Emporium.
There is an open door here.
The spriggan shouts! x2; The spriggan rider shouts!
The spriggan blocks your attack. You block the spriggan's attack.
There is an open door here.
Unknown command.
There is an open door here.
Okay, then.
Unknown command.
Cast which spell? (? or * to list)
Aiming: Slow (safe; 1% risk of failure)
Press: ? - help, Shift-Dir - straight line, f - spriggan
Aim: a spriggan, wielding a +0 dagger, wearing a +0 robe and wearing a +0 buckler (chance to affect: 30%)
The spriggan easily resists.
The spriggan completely misses you.
Casting: Slow (safe; 1% risk of failure)
Confirm with . or Enter, or press ? or * to list all spells.
Your hands begin to glow red.
The spriggan hits you but does no damage.
You hit the spriggan but do no damage. The spriggan hits you with a +0 dagger!
The spriggan rider hits you from afar with a +0 spear of pain!
You writhe in agony.
You closely miss the spriggan. You block the spriggan's attack.
You hit the spriggan but do no damage.
The spriggan rider hits you from afar with a +0 spear of pain!!
* * * LOW HITPOINT WARNING * * *
You writhe in agony.
You die...
Your body crumbles into a pile of gold.

#####################
._.⌠.#.)'...#....##∩#
_._..'..#...#....').#
._...#..###'##...##∩#$$ ###
_._..#..##∩∩.'...#### ...#
._.⌠.#################...∩#
##########....)[###.....♣
.###.'..'......)@iii..♣
♣##..#..#.P.....#######
.###.##+##.P....# ♣'...#
######## ######


You could see a spriggan rider and 2 spriggans.

Vanquished Creatures
  A spriggan druid (D)
  6 oklob plants (D)
  A demonic crawler (D)
  3 wandering mushrooms (D)
  3 burning bushes (D)
  A queen bee (D)
  3 scorpions (D)
  4 killer bees (D)
  5 oklob saplings (D)
  2 spriggans (D)
  A river rat (D)
  A rat (D)
  A ballistomycete spore (D)
32 creatures vanquished.

Vanquished Creatures (others)
  A fungus (D)
1 creature vanquished.

Grand Total: 33 creatures vanquished

Notes
Turn   | Place    | Note
-------+----------+-------------------------------------------
     0 | D        | styxcanada the Spriggan Brigand began the quest for the
                  | Orb.
     0 | D        | Reached XP level 1. HP: 10/10 MP: 2/2
     9 | D        | Reached skill level 6 in Stealth
    21 | D        | Reached skill level 7 in Stealth
    21 | D        | Reached XP level 2. HP: 12/15 MP: 3/3
    72 | D        | Noticed an oklob sapling
    77 | D        | Killed an oklob sapling
    78 | D        | Reached skill level 9 in Stealth
    78 | D        | Reached XP level 3. HP: 19/19 MP: 4/4
   118 | D        | Noticed a scorpion
   119 | D        | Found the amulet of invisibility {+Inv}
   120 | D        | Killed a scorpion
   121 | D        | Reached skill level 12 in Stealth
   121 | D        | Reached XP level 4. HP: 23/23 MP: 5/5
   139 | D        | Found an opulent altar of Gozag.
   139 | D        | Found a hazy altar of Hepliaklqana.
   139 | D        | Found a burning altar of Makhleb.
   139 | D        | Found a sparkling altar of Nemelex Xobeh.
   139 | D        | Found a sacrificial altar of Ru.
   139 | D        | Found a shimmering blue altar of Sif Muna.
   139 | D        | Found an ornate altar of the Wu Jian Council.
   139 | D        | Found a shimmering altar of Xom.
   139 | D        | Found a basalt altar of Yredelemnul.
   140 | D        | Found a viscous altar of Jiyva.
   140 | D        | Found a snail-covered altar of Cheibriados.
   140 | D        | Found a bloodstained altar of Trog.
   141 | D        | Found an iron altar of Okawaru.
   141 | D        | Found a shadowy altar of Dithmenos.
   141 | D        | Found a glowing silver altar of Zin.
   142 | D        | Found an ancient bone altar of Kikubaaqudgha.
   142 | D        | Found a hide-covered altar of Uskayaw.
   143 | D        | Found a stormy altar of Qazlal.
   143 | D        | Found a white marble altar of Elyvilon.
   143 | D        | Found a glowing golden altar of the Shining One.
   144 | D        | Became a worshipper of Gozag Ym Sagoz the Greedy
   145 | D        | Found a corrupted altar of Lugonu.
   145 | D        | Found a radiant altar of Vehumet.
   149 | D        | Reached skill level 13 in Stealth
   149 | D        | Reached XP level 5. HP: 28/28 MP: 3/6
   210 | D        | Reached skill level 14 in Stealth
   251 | D        | Reached skill level 5 in Dodging
   506 | D        | Reached skill level 15 in Stealth
   506 | D        | Reached XP level 6. HP: 29/33 MP: 7/7
   587 | D        | Learned a level 2 spell: Slow
   591 | D        | Learned a level 3 spell: Confusing Touch
   591 | D        | Found Igusehos's Antique Armour Shop.
   591 | D        | Found Inott's Jewellery Emporium.
   600 | D        | Noticed a burning bush
   600 | D        | Noticed a wandering mushroom
   601 | D        | Noticed a wandering mushroom
   604 | D        | Killed a burning bush
   605 | D        | Reached skill level 16 in Stealth
   605 | D        | Reached skill level 1 in Shields
   605 | D        | Killed a wandering mushroom
   606 | D        | Reached skill level 5 in Throwing
   606 | D        | Reached skill level 17 in Stealth
   606 | D        | Reached skill level 5 in Evocations
   606 | D        | Reached XP level 7. HP: 38/38 MP: 5/12
   606 | D        | Killed a wandering mushroom
   607 | D        | Reached skill level 18 in Stealth
   625 | D        | Found Lisemm's Antique Weapon Emporium.
   625 | D        | Found Asoklewk's Weapon Shoppe.
   673 | D        | Bought a shimmering flail for 195 gold pieces
   673 | D        | Identified the +1 flail "Xyesme" {protect, Str+4 Dex-2}
                  | (You bought it in a shop in the Dungeon)
   710 | D        | Reached XP level 8. HP: 42/42 MP: 11/14
   716 | D        | Noticed a queen bee
   723 | D        | Killed a queen bee
   724 | D        | Reached skill level 5 in Fighting
   729 | D        | Reached skill level 19 in Stealth
   783 | D        | Bought the ring of Ujol {EV+4 Str+4} for 616 gold pieces
   821 | D        | Noticed an oklob plant
   824 | D        | Killed an oklob plant
   825 | D        | Reached skill level 5 in Spellcasting
   825 | D        | Reached skill level 5 in Hexes
   839 | D        | Noticed a burning bush
   842 | D        | Killed a burning bush
   843 | D        | Reached XP level 9. HP: 47/47 MP: 15/18
   892 | D        | Noticed a burning bush
   892 | D        | Noticed an oklob plant
   893 | D        | Noticed a wandering mushroom
   894 | D        | Killed a burning bush
   895 | D        | Reached skill level 20 in Stealth
   899 | D        | Killed an oklob plant
   903 | D        | Killed a wandering mushroom
   904 | D        | Reached skill level 21 in Stealth
   970 | D        | Noticed a spriggan druid
   972 | D        | Killed a spriggan druid
  1050 | D        | Noticed an oklob plant conjurer
  1051 | D        | Killed an oklob plant conjurer
  1131 | D        | Noticed an oklob plant
  1131 | D        | Noticed an oklob plant summoner
  1132 | D        | Noticed an oklob plant shifter
  1136 | D        | Killed an oklob plant
  1137 | D        | Reached skill level 10 in Evocations
  1137 | D        | Reached XP level 10. HP: 53/53 MP: 19/21
  1138 | D        | Killed an oklob plant summoner
  1139 | D        | Reached skill level 22 in Stealth
  1141 | D        | Killed an oklob plant shifter
  1150 | D        | Reached skill level 10 in Dodging
  1214 | D        | Noticed a spriggan rider
  1215 | D        | Found Enifiar's Armour Emporium.
  1225 | D        | Slain by a spriggan rider

Illustrated notes

Levels and vault maps discovered:
D:        dungeon_sprint_fedhas [sprint_temple]

Skill      XL: |  1  2  3  4  5  6  7  8  9 10 |
---------------+-------------------------------+-----
Stealth        | 7 9 12 13 15 17 18 19 21 22 | 22.5
Dodging        | 2 3 4 5 6 7 8 9 10 | 10.0
Fighting       | 2 3 4 5 6 |  6.3
Throwing       | 3 4 5 6 |  6.4
Evocations     | 2 3 5 6 8 10 11 | 11.0
Short Blades   | 3 4 |  4.2
Shields        | 1 2 3 4 |  4.5
Spellcasting   | 3 5 6 7 |  7.2
Hexes          | 3 5 6 7 |  7.2

Action                   |  1- 3 |  4- 6 |  7- 9 | 10-12 || total
-------------------------+-------+-------+-------+-------++-------
Melee: Dagger            |     9 |    10 |    22 |     7 ||    48
Throw: Dart              |     8 |     9 |       |       ||    17
 Cast: Slow              |       |       |       |     1 ||     1
       Confusing Touch   |       |       |       |     1 ||     1
 Abil: Evoke Invisibilit |       |     3 |     6 |     1 ||    10
  Use: Potion            |     1 |     1 |       |       ||     2
 Stab: Sleeping          |     1 |     4 |    16 |     3 ||    24
       Invisible         |       |       |     2 |       ||     2
Armor: Robe              |     1 |       |     1 |     1 ||     3
Dodge: Dodged            |     3 |    10 |     2 |     1 ||    16
Block: Buckler           |       |       |     1 |     2 ||     3
